 Dungeon Crawl Stone Soup version 0.20-a0-901-g27f6fa8 (webtiles) character file.

1387 Dingo the Insei (level 8, -5/66 HPs)
             Began as a White Draconian Transmuter on Mar 19, 2017.
             Killed by nerve-wracking pain
             ... invoked by an orc priest
              (6 damage)
             ... on level 6 of the Dungeon on Mar 20, 2017.
             The game lasted 00:21:03 (4523 turns).

Dingo the Insei (White Draconian Transmuter)        Turns: 4523, Time: 00:21:04

Health: -5/66      AC:  2    Str: 13    XL:     8   Next: 40%
Magic:  11/11      EV: 22    Int: 20    God:
Gold:   273        SH:  0    Dex: 18    Spells: 3/11 levels left

rFire    . . .     SeeInvis .     - Unarmed
rCold    . . .     Gourm    .   (armour unavailable)
rNeg     . . .     Faith    .   (shield currently unavailable)
rPois    x         Spirit   .   (helmet currently unavailable)
rElec    .         Reflect  .   (cloak currently unavailable)
rCorr    .         Harm     .   (gloves currently unavailable)
MR       .....                  (boots currently unavailable)
Stlth    ++........             n - amulet of regeneration
Regen    0.7/turn               p - +6 ring of intelligence
MPRegen  0.2/turn               x - ring of flight

@: lethally poisoned (-5 -> -6), spider-form (expiring), very slightly
contaminated
A: (breathe frost), unfitting armour, (cold resistance 0), (cold-blooded), AC +6
a: End Transformation, Evoke Flight


You were on level 6 of the Dungeon.
You were near starving.
You were a venomous arachnid creature.
You visited 2 branches of the dungeon, and saw 7 of its levels.

You collected 273 gold pieces.

Inventory:

Armour
 s - a +0 cloak (melded)
Jewellery
 a - an uncursed ring of loudness
 h - an uncursed ring of positive energy
 n - an amulet of regeneration (around neck)
 p - a +6 ring of intelligence (right front leg)
 q - an uncursed ring of teleportation
 x - a ring of flight (left front leg)
Wands
 z - a wand of polymorph (7/24)
Scrolls
 d - 2 scrolls of enchant weapon {unknown}
 e - 7 scrolls of enchant armour {unknown}
 f - 2 scrolls of fear {unknown}
 g - 7 scrolls of identify {unknown}
 i - a scroll of noise {unknown}
 o - a scroll of blinking {unknown}
 r - 3 scrolls of remove curse
 u - a scroll of fog {unknown}
Potions
 j - a potion of invisibility
 k - a potion of agility {unknown}
 l - a potion of degeneration {unknown}
 v - a potion of curing
Books
 b - a book of Changes

   Spells                             Type                      Level
   a - Beastly Appendage              Transmutation                1
   b - Sticks to Snakes               Transmutation                2
   c - Spider Form                    Transmutation/Poison         3
   d - Ice Form                       Ice/Transmutation            4
   e - Blade Hands                    Transmutation                5
 w - a book of Conjurations

   Spells                             Type                      Level
   a - Magic Dart                     Conjuration                  1
   b - Searing Ray                    Conjuration                  2
   c - Dazzling Spray                 Conjuration/Hexes            3
   d - Fulminant Prism                Conjuration/Hexes            4
   e - Force Lance                    Conjuration/Translocation    4
   f - Iskenderun's Mystic Blast      Conjuration                  4
 y - the Grimoire of Necromancy and the Snowflakes
   (You found it on level 6 of the Dungeon)

   Spells                             Type                      Level
   a - Throw Frost                    Conjuration/Ice              2
   b - Regeneration                   Charms/Necromancy            3
   c - Control Undead                 Necromancy                   4
   d - Cigotuvi's Embrace             Necromancy                   5
   e - Death Channel                  Necromancy                   6
Comestibles
 c - 5 bread rations
 m - 2 royal jellies
 t - 4 meat rations


   Skills:
 + Level 3.9 Fighting
 + Level 4.1 Dodging
 - Level 1.1 Stealth
 + Level 6.4 Unarmed Combat
 - Level 2.2 Spellcasting
 + Level 4.0 Transmutations
 + Level 3.9 Ice Magic
 + Level 3.7 Poison Magic


You had 3 spell levels left.
You knew the following spells:

 Your Spells              Type           Power        Failure   Level  Hunger
a - Beastly Appendage     Tmut           ###...       10%         1    #......
b - Spider Form           Tmut/Pois      ###.......   28%         3    ###....
c - Ice Form              Ice/Tmut       ###.....     52%         4    #####..


Dungeon Overview and Level Annotations

Branches:
Dungeon (6/15)             Temple (1/1) D:6

Altars:
Ashenzari
Cheibriados
Elyvilon
Gozag
Hepliaklqana
Makhleb
Nemelex Xobeh
Ru
Sif Muna
Trog
Uskayaw
Vehumet
Wu Jian
Xom
Yredelemnul
The Shining One

Annotations:
D:3 Grinder


Innate Abilities, Weirdness & Mutations

((You can breathe waves of freezing cold.))
((You can buffet flying creatures when you breathe cold.))
((Your icy white scales are hard. (AC +6)))
You cannot fit into any form of body armour.
((Your flesh is cold resistant. (rC+)))
((You are cold-blooded and may be slowed by cold attacks.))


Message History

You feel sick.
You bite the orc!
You kill the orc!
You feel sick. The orc priest misses you.
You feel sick.
You feel sick. The orc priest completely misses you.
You bite the orc priest!
The orc priest looks as sick as possible!
The orc priest is severely wounded.
You feel sick.
You hit the orc priest.
The orc priest looks as sick as possible!
The orc priest is almost dead.
You feel sick. The orc priest hits you with a trident!
* * * LOW HITPOINT WARNING * * *
* * * LOW HITPOINT WARNING * * *
You feel sick.
The orc priest calls down the wrath of Beogh upon you.
Pain shoots through your body!
You die...

#.#.# #.#######.#.#######
#.#................
##.#.##.##.#.######
##.#.##.##.#.#####
##.#.##.##.#.....#
.....##.##.#####.###
...........# #)#..
#........### #s#.#
.........# #.#.#
...#.....#######o#.#######
...............#o#........
..........................
P......#.........#########
...#......####.###
P.)#.#....# #. ..........#
#.


You could see an orc priest and an orc.

Vanquished Creatures
  A black bear (D:6)
  An ogre (D:4)
  2 centaurs
  2 big kobolds (D:6)
  A bullfrog (D:6)
  2 scorpions (D:4)
  A howler monkey (D:4)
  A crimson imp (D:5)
  A bullfrog zombie (D:5)
  4 hounds
  2 orc priests
  A jelly (D:5)
  A gnoll shaman (D:6)
  3 orc wizards
  An iguana (D:5)
  A worker ant (D:6)
  6 gnolls
  8 adders
  2 shadow imps (D:5)
  An ooze (D:2)
  An adder skeleton (D:5)
  4 worms
  6 leopard geckos
  16 orcs
  5 giant cockroaches
  2 goblins (D:2)
  5 hobgoblins
  7 jackals
  7 kobolds
  2 quokkas
  A ball python (D:3)
  8 bats
  6 frilled lizards
  9 rats
121 creatures vanquished.

Notes
Turn   | Place    | Note
-------+----------+-------------------------------------------
     0 | D:1      | Dingo the Draconian Transmuter began the quest for the Orb.
     0 | D:1      | Reached XP level 1. HP: 16/16 MP: 3/3
   313 | D:1      | Reached XP level 2. HP: 17/23 MP: 3/5
  1054 | D:2      | Reached XP level 3. HP: 21/28 MP: 6/6
  1069 | D:2      | Reached skill level 4 in Unarmed Combat
  1459 | D:2      | Reached XP level 4. HP: 35/35 MP: 7/7
  1677 | D:3      | Learned a level 3 spell: Spider Form
  1836 | D:3      | Found a snail-covered altar of Cheibriados.
  1905 | D:3      | Reached skill level 1 in Poison Magic
  1910 | D:3      | Reached XP level 5. HP: 13/40 MP: 6/8
  2154 | D:3      | Found a sparkling altar of Nemelex Xobeh.
  2227 | D:3      | Noticed Grinder
  2245 | D:3      | HP: 1/40 [Grinder (3)]
  2312 | D:4      | Noticed an ogre
  2321 | D:4      | Killed an ogre
  2321 | D:4      | Reached skill level 5 in Unarmed Combat
  2376 | D:4      | Reached XP level 6. HP: 28/48 MP: 4/9
  2760 | D:4      | Reached skill level 1 in Stealth
  2889 | D:4      | Your scales start taking on an icy white colour.
  2889 | D:4      | Reached XP level 7. HP: 56/56 MP: 7/10
  2889 | D:4      | Gained mutation: Your flesh is cold resistant. (rC+) [White Draconian growth]
  2896 | D:4      | Learned a level 4 spell: Ice Form
  2901 | D:5      | Entered Level 5 of the Dungeon
  2997 | D:5      | Found a sacrificial altar of Ru.
  2998 | D:5      | Found a burning altar of Makhleb.
  3195 | D:5      | Reached skill level 1 in Ice Magic
  3312 | D:5      | Found a shattered altar of Ashenzari.
  3642 | D:5      | Reached skill level 6 in Unarmed Combat
  3664 | D:5      | Found a radiant altar of Vehumet.
  3891 | D:6      | Found a staircase to the Ecumenical Temple.
  3962 | Temple   | Entered the Ecumenical Temple
  4325 | D:6      | Identified the Grimoire of Necromancy and the Snowflakes
  4342 | D:6      | Reached XP level 8. HP: 57/63 MP: 11/11
  4435 | D:6      | HP: 1/66 [something/puff of flame (9)]
  4522 | D:6      | HP: 1/66 [orc priest/trident (7)]
  4523 | D:6      | Killed from afar by an orc priest

Vault maps used:
D:1:      ncdulo_smallfort
D:2:      serial_forest, infiniplex_forest_lined_2,
          infiniplex_forest_clump_double, infiniplex_forest_lined_2,
          infiniplex_forest_clump_small, infiniplex_forest_end_1,
          infiniplex_forest_lined_room_2, infiniplex_forest_lined_3_way
D:3:      old_standard_altar, nicolae_qazlal_general_emergency,
          nicolae_overflow_crystal_walls, grunt_ministairs_9,
          nemelex_spade_bored_becter, uniq_grinder
D:4:      first_bread, kennysheep_generic_room_5
D:5:      ashenzari_conservatory_becter, lemuel_coloured_pillars_altar,
          gammafunk_temple_overflow_pools
D:6:      kennysheep_housing_project, zin_treasury, minmay_temple_entry_glass,
          grunt_ministairs_4
Temple:   dpeg_chambers_temple

Skill      XL: |  1  2  3  4  5  6  7  8 |
---------------+-------------------------+-----
Dodging        | 2 3 4 |  4.1
Unarmed Combat | 4 5 6 |  6.4
Poison Magic   | 1 2 3 |  3.7
Fighting       | 2 3 |  3.9
Stealth        | 1 |  1.1
Transmutations | 3 4 |  4.0
Ice Magic      | 2 3 |  3.9
Spellcasting   | |  2.2

Action                   |  1- 3 |  4- 6 |  7- 9 || total
-------------------------+-------+-------+-------++-------
Melee: Unarmed           |   122 |   181 |   206 ||   509
       Headbutt          |     6 |     6 |     4 ||    16
       Tailslap          |    10 |    17 |    25 ||    52
       Kick              |     6 |    11 |    13 ||    30
       Punch             |     1 |     7 |     4 ||    12
 Cast: Beastly Appendage |     6 |    11 |    12 ||    29
       Spider Form       |       |     1 |     3 ||     4
 Abil: Breathe Frost     |       |       |     4 ||     4
  Use: Scroll            |     2 |     1 |     1 ||     4
       Potion            |       |     7 |     1 ||     8
 Stab: Sleeping          |       |     1 |     2 ||     3
       Invisible         |       |       |     2 ||     2
  Eat: Chunk             |     1 |     6 |     5 ||    12
Armor: Skin              |    34 |    42 |    56 ||   132
Dodge: Dodged            |    77 |   132 |   168 ||   377
